 Dungeon Crawl Stone Soup version 0.23.2-1-ga50397a6bc (webtiles) character file.

Game seed: 3074280287461859880

304 Peloso the Shield-Bearer (level 6, -4/55 HPs)
             Began as a Minotaur Fighter on May 12, 2019.
             Slain by an iguana (11 damage)
             ... on level 4 of the Dungeon.
             The game lasted 00:06:01 (2659 turns).

Peloso the Shield-Bearer (Minotaur Fighter)         Turns: 2659, Time: 00:06:03

Health: -4/55      AC:  9    Str: 21    XL:     6   Next: 15%
Magic:  5/5        EV:  6    Int:  5    God:
Gold:   162        SH: 10    Dex: 11    Spells: 5/5 levels left

rFire    . . .     SeeInvis .   a - +0 long sword
rCold    . . .     Gourm    .   c - +0 shield
rNeg     . . .     Faith    .   k - +0 chain mail
rPois    .         Spirit   .   (helmet restricted)
rElec    .         Reflect  .   (no cloak)
rCorr    .         Harm     .   (no gloves)
MR       .....                  (no boots)
Stlth    ..........             (no amulet)
HPRegen  0.18/turn              l - ring of stealth
MPRegen  0.09/turn              (no ring)

@: lethally poisoned (-4 -> -5)
A: retaliatory headbutt, horns 2
a: no special abilities


You were on level 4 of the Dungeon.
You were hungry.

You visited 1 branch of the dungeon, and saw 4 of its levels.

You collected 162 gold pieces.

Inventory:

Hand Weapons
 a - a +0 long sword (weapon)
Armour
 b - a +0 scale mail
 c - a +0 shield (worn)
 k - a +0 chain mail (worn)
Jewellery
 l - a ring of stealth (left hand)
Scrolls
 e - 5 scrolls of remove curse {unknown}
 h - 11 scrolls of identify {unknown}
 i - 2 scrolls of enchant weapon {unknown}
 j - 2 scrolls of teleportation {unknown}
 n - a scroll of amnesia {unknown}
Potions
 d - 2 potions of might
 g - 4 potions of curing {unknown}
 m - a potion of ambrosia {unknown}
Comestibles
 f - 5 rations


   Skills:
 + Level 4.8 Fighting
 + Level 4.5 Long Blades
 + Level 5.1 Armour
 + Level 1.5 Dodging
 + Level 5.1 Shields


You had 5 spell levels left.
You didn't know any spells.
Your spell library was empty.

Dungeon Overview and Level Annotations

Branches:
Dungeon (4/15)
 Temple: D:4-7

Altars:


Innate Abilities, Weirdness & Mutations

You reflexively headbutt those who attack you in melee.
You have a pair of horns on your head.


Message History

Your experience leads to an increase in your attributes!
Increase (S)trength, (I)ntelligence, or (D)exterity?
You feel agile.
You feel sick. The iguana bites you. x2
You closely miss the iguana. You block the iguana's attack.
You hit the iguana. You headbutt the iguana!
The iguana is heavily wounded.
You feel sick. The iguana bites you!
* * * LOW HITPOINT WARNING * * *
You closely miss the iguana. Your headbutt misses the iguana.
The iguana is heavily wounded.
The iguana closely misses you. You furiously retaliate!
You headbutt the iguana.
You riposte.
You hit the iguana.
The iguana is almost dead.
You barely miss the iguana.
The iguana is almost dead.
You feel sick.
The iguana bites you but does no damage.
The iguana bites you!
You die...

##..#...<#
.........#
#...<.####
##.......##
#.#......####
#.....#......
#####.#....###
........#...#
.......@#...#
......l(# ..#
......./# ..#
[.......# ..
......... .#.
#........
.........
#######...


You could see an iguana.

Vanquished Creatures
  A sky beast (D:3)
  A scorpion (D:4)
  A worker ant zombie (D:2)
  Robin (D:2)
  6 adders
  An ooze (D:1)
  2 worms
  2 dart slugs
  2 leopard geckos
  An orc (D:3)
  3 ball pythons
  6 bats
  2 bat zombies (D:2)
  A giant cockroach (D:2)
  17 goblins
  5 hobgoblins
  8 kobolds
  2 quokkas
  4 frilled lizards
  A quokka zombie (D:2)
  6 rats
73 creatures vanquished.

Notes
Turn   | Place    | Note
-------+----------+-------------------------------------------
     0 | D:1      | Peloso the Minotaur Fighter began the quest for the Orb.
     0 | D:1      | Reached XP level 1. HP: 19/19 MP: 0/0
    30 | D:1      | Reached XP level 2. HP: 25/27 MP: 1/1
   411 | D:1      | Reached XP level 3. HP: 33/33 MP: 2/2
   935 | D:2      | Noticed Robin
   951 | D:2      | Reached XP level 4. HP: 29/41 MP: 3/3
   966 | D:2      | Killed Robin
  1395 | D:2      | You fall through a shaft!
  1582 | D:3      | Reached XP level 5. HP: 38/47 MP: 4/4
  1899 | D:3      | Noticed a sky beast
  1910 | D:3      | Killed a sky beast
  1910 | D:3      | Reached skill level 1 in Dodging
  1910 | D:3      | Reached skill level 5 in Shields
  2342 | D:2      | Reached skill level 5 in Armour
  2655 | D:4      | Reached XP level 6. HP: 24/55 MP: 5/5
  2659 | D:4      | Slain by an iguana

Skill      XL: |  1  2  3  4  5 |
---------------+----------------+-----
Fighting       | 4 |  4.8
Armour         | 4 5 |  5.1
Shields        | 4 5 |  5.1
Long Blades    | 3 4 |  4.5
Dodging        | 1 |  1.5

Action                   |  1- 3 |  4- 6 || total
-------------------------+-------+-------++-------
Melee: Long sword        |    82 |   115 ||   197
       Headbutt          |    10 |    20 ||    30
  Eat: Chunk             |       |     5 ||     5
Armor: Scale mail        |    39 |    24 ||    63
       Chain mail        |       |    21 ||    21
Dodge: Dodged            |    26 |    27 ||    53
Block: Shield            |    46 |    65 ||   111
       Rpst.: Long sword |     8 |     9 ||    17
